MLB
COLORADO ROCKIES @ SAN FRANCISCO GIANTS
08/14/2047
 
TOP OF THE 1ST
Colorado Rockies batting - Pitching for San Francisco Giants : RHP Curt Howland
Pitching: RHP Curt Howland
Batting: LHB Freddy Troncoso 0-0: Ball
1-0: Called Strike
1-1: Ball
2-1: Called Strike
2-2: SINGLE (Groundball, 4M, EV 104.4 MPH) (infield hit)
Batting: SHB Eddie Quinones 0-0: Ball
1-0: Swinging Strike
1-1: Ball
2-1: Foul Ball, location: 2F
2-2: Ball
Freddy Troncoso is caught stealing 2nd base 2-6
3-2: Base on Balls
Batting: RHB Joel Haycock 0-0: Ball
1-0: Swinging Strike
1-1: SINGLE (Groundball, 6MD, EV 102.5 MPH)
Eddie Quinones to second
Runner from 2nd tries for 3rd, SAFE, throw by CF made to third
Batting: RHB Jason Andrews 0-0: Ball
1-0: Swinging Strike
1-1: Ball
2-1: SINGLE (Groundball, 56D, EV 107.5 MPH)
Eddie Quinones scores
Joel Haycock to second
Batting: LHB Shawn Morrison 0-0: Foul Ball, location: 2F
0-1: Fly out, F9 (Flyball, 9LS, EV 84.4 MPH)
Batting: SHB Chris Blue 0-0: Ball
1-0: Ball
2-0: Foul Ball, location: 2F
2-1: Ball
3-1: Base on Balls
Joel Haycock to third
Jason Andrews to second
Batting: RHB Henry Alvizo 0-0: Called Strike
0-1: Foul Ball, location: 2F
0-2: Ball
1-2: Strikes out swinging
Top of the 1st over - 1 run, 3 hits, 0 errors, 3 left on base; Colorado 1 - San Francisco 0
BOTTOM OF THE 1ST
San Francisco Giants batting - Pitching for Colorado Rockies : RHP Gabe Stokes
Pitching: RHP Gabe Stokes
Batting: RHB Nick Rigden 0-0: Ball
1-0: Ball
2-0: Ball
3-0: Base on Balls
Batting: RHB Bobby Ayala 0-0: Called Strike
Nick Rigden steals 2nd base (no throw)
0-1: Ground out 6-3 (Groundball, 6, EV 110.6 MPH)
Batting: LHB Jack Henningar 0-0: Ball
1-0: Called Strike
1-1: Called Strike
1-2: Ball
2-2: Foul Ball, location: 2F
2-2: Ball
3-2: Base on Balls
Batting: LHB Carey Horncole 0-0: Called Strike
0-1: DOUBLE (Line Drive, 5D, EV 105.6 MPH)
Nick Rigden scores
Jack Henningar to third
Runner from 3rd tries for Home, SAFE, throw by LF to trailing runner, OUT at third! 7-3-5
Batting: SHB Ryan Doss 0-0: Called Strike
0-1: Called Strike
0-2: Ball
1-2: Fly out, F8 (Flyball, 8LD, EV 96.2 MPH)
Bottom of the 1st over - 2 runs, 1 hit, 0 errors, 0 left on base; Colorado 1 - San Francisco 2
TOP OF THE 2ND
Colorado Rockies batting - Pitching for San Francisco Giants : RHP Curt Howland
Batting: SHB Billy Encinias 0-0: Ball
1-0: Called Strike
1-1: Swinging Strike
1-2: Foul Ball, location: 2F
1-2: Strikes out swinging
Batting: RHB Sterling Acosta 0-0: Ball
1-0: Swinging Strike
1-1: Bunt for hit to 13S - play at first, batter OUT! 1-3
Batting: LHB Freddy Troncoso 0-0: Ball
1-0: Foul Ball, location: 2F
1-1: Ball
2-1: Foul Ball, location: 2F
2-2: Foul Ball, location: 2F
2-2: Foul Ball, location: 2F
2-2: Foul Ball, location: 2F
2-2: Foul Ball, location: 2F
2-2: Ball
3-2: DOUBLE (Flyball, 5D, EV 100.0 MPH)
Batting: SHB Eddie Quinones 0-0: Ball
1-0: Ball
2-0: Called Strike
2-1: Foul Ball, location: 2F
2-2: Ball
3-2: Foul Ball, location: 2F
3-2: Base on Balls
Batting: RHB Joel Haycock 0-0: Called Strike
0-1: Ball
1-1: Fielders Choice at 2nd, 6-4 (Groundball, 6D, EV 84.4 MPH)
Top of the 2nd over - 0 runs, 1 hit, 0 errors, 2 left on base; Colorado 1 - San Francisco 2
BOTTOM OF THE 2ND
San Francisco Giants batting - Pitching for Colorado Rockies : RHP Gabe Stokes
Batting: RHB Kevin Howard 0-0: Foul Ball, location: 2F
0-1: Foul Ball, location: 2F
0-2: Ball
1-2: Foul Ball, location: 2F
1-2: Ball
2-2: Ball
3-2: Foul Ball, location: 2F
3-2: Ground out 3-1 (Groundball, 34, EV 84.4 MPH)
Batting: RHB Lucan Esini 0-0: Ball
1-0: SINGLE (Groundball, 56, EV 105.0 MPH) (infield hit)
Batting: SHB Bill Dooms 0-0: Called Strike
0-1: Called Strike
Lucan Esini steals 2nd base (no throw)
0-2: Ball
1-2: Ball
2-2: Foul Ball, location: 2F
2-2: Strikes out swinging
Batting: LHB John Blair 0-0: Foul Ball, location: 2F
0-1: Swinging Strike
0-2: Ball
1-2: Ball
2-2: Strikes out swinging
Bottom of the 2nd over - 0 runs, 1 hit, 0 errors, 1 left on base; Colorado 1 - San Francisco 2
TOP OF THE 3RD
Colorado Rockies batting - Pitching for San Francisco Giants : RHP Curt Howland
Batting: RHB Jason Andrews 0-0: Foul Ball, location: 2F
0-1: Ball
1-1: Foul Ball, location: 2F
1-2: Ball
2-2: SINGLE (Flyball, 9LS, EV 91.2 MPH)
Batting: LHB Shawn Morrison 0-0: Ball
1-0: Ball
2-0: Ball
3-0: Called Strike
3-1: Base on Balls
Jason Andrews to second
Batting: SHB Chris Blue 0-0: Ball
1-0: Ball
2-0: Ball
3-0: Base on Balls
Jason Andrews to third
Shawn Morrison to second
Batting: RHB Henry Alvizo 0-0: Ball
1-0: Swinging Strike
1-1: Ball
2-1: Foul Ball, location: 2F
2-2: Strikes out swinging
Batting: SHB Billy Encinias 0-0: Foul Ball, location: 2F
0-1: Foul Ball, location: 2F
0-2: SINGLE (Groundball, 25, EV 76.2 MPH) (infield hit)
Jason Andrews scores
Shawn Morrison to third
Chris Blue to second
Batting: RHB Sterling Acosta 0-0: Called Strike
0-1: Grounds into double play, 6-4-3 (Groundball, 6, EV 88.1 MPH)
Top of the 3rd over - 1 run, 2 hits, 0 errors, 2 left on base; Colorado 2 - San Francisco 2
BOTTOM OF THE 3RD
San Francisco Giants batting - Pitching for Colorado Rockies : RHP Gabe Stokes
Batting: RHB Nick Rigden 0-0: Ball
1-0: Ball
2-0: Called Strike
2-1: SOLO HOME RUN (Line Drive, 7D, EV 105.0 MPH), Distance : 390 ft
Batting: RHB Bobby Ayala 0-0: Ball
1-0: Called Strike
1-1: Ball
2-1: Ball
3-1: Foul Ball, location: 2F
3-2: Base on Balls
Batting: LHB Jack Henningar 0-0: Ball
1-0: Ball
2-0: Called Strike
Bobby Ayala steals 2nd base
2-1: Swinging Strike
2-2: Foul Ball, location: 2F
2-2: Foul Ball, location: 2F
2-2: Ball
3-2: Base on Balls
Batting: LHB Carey Horncole 0-0: Ball
1-0: Called Strike
1-1: Foul Ball, location: 2F
1-2: Ball
2-2: Foul Ball, location: 2F
2-2: Strikes out swinging
Batting: SHB Ryan Doss 0-0: Called Strike
0-1: Called Strike
0-2: Ball
1-2: Ball
2-2: Ball
3-2: Strikes out swinging
Batting: RHB Kevin Howard 0-0: Fly out, F7 (Flyball, 7S, EV 91.2 MPH)
Bottom of the 3rd over - 1 run, 1 hit, 0 errors, 2 left on base; Colorado 2 - San Francisco 3
TOP OF THE 4TH
Colorado Rockies batting - Pitching for San Francisco Giants : RHP Curt Howland
Batting: LHB Freddy Troncoso 0-0: Called Strike
0-1: Called Strike
0-2: Ball
1-2: Hit by Pitch
Batting: SHB Eddie Quinones 0-0: Ball
Freddy Troncoso is caught stealing 2nd base 2-6
1-0: Ball
2-0: Called Strike
2-1: Ball
3-1: SOLO HOME RUN (Line Drive, 9LD, EV 91.2 MPH), Distance : 340 ft
Batting: RHB Joel Haycock 0-0: Ball
1-0: Foul Ball, location: 2F
1-1: Ball
2-1: Ground out 1-3 (Groundball, 13S, EV 73.1 MPH)
Batting: RHB Jason Andrews 0-0: SINGLE (Line Drive, 78S, EV 87.5 MPH)
Batting: LHB Shawn Morrison 0-0: Called Strike
Jason Andrews steals 2nd base
0-1: Ball
1-1: Intentional Walk
Batting: SHB Chris Blue 0-0: Ball
1-0: Ball
2-0: Called Strike
2-1: DOUBLE (Line Drive, 5D, EV 94.4 MPH)
Jason Andrews scores
Shawn Morrison to third
Runner from 3rd tries for Home, SAFE, no throw by LF
Batting: RHB Henry Alvizo 0-0: Foul Ball, location: 2F
0-1: Foul Ball, location: 2F
0-2: Ball
1-2: Foul Ball, location: 2F
1-2: Fly out, F7 (Line Drive, 7S, EV 93.8 MPH)
Top of the 4th over - 3 runs, 3 hits, 0 errors, 1 left on base; Colorado 5 - San Francisco 3
BOTTOM OF THE 4TH
San Francisco Giants batting - Pitching for Colorado Rockies : RHP Gabe Stokes
Batting: RHB Lucan Esini 0-0: Swinging Strike
0-1: Ground out 5-3 (Groundball, 56, EV 91.2 MPH)
Batting: SHB Bill Dooms 0-0: Foul Ball, location: 2F
0-1: Called Strike
0-2: Ball
1-2: Strikes out swinging
Batting: LHB John Blair 0-0: Ball
1-0: Called Strike
1-1: Ground out 6-3 (Groundball, 6, EV 85.6 MPH)
Bottom of the 4th over - 0 runs, 0 hits, 0 errors, 0 left on base; Colorado 5 - San Francisco 3
TOP OF THE 5TH
Colorado Rockies batting - Pitching for San Francisco Giants : RHP Curt Howland
Batting: SHB Billy Encinias 0-0: Ball
1-0: Ball
2-0: Ball
3-0: Base on Balls
Batting: RHB Sterling Acosta 0-0: Ball
Billy Encinias steals 2nd base
1-0: Called Strike
1-1: Ball
2-1: SINGLE (Line Drive, 8RS, EV 110.6 MPH)
Billy Encinias to third
Pitching: LHP Tyler Stancil
Batting: LHB Freddy Troncoso 0-0: Called Strike
0-1: Swinging Strike
0-2: Strikes out swinging
Batting: SHB Eddie Quinones 0-0: Called Strike
0-1: Ball
1-1: Ball
2-1: Fielders Choice at 2nd, 4-6 (Groundball, 4MS, EV 83.8 MPH)
Billy Encinias scores
Batting: RHB Joel Haycock 0-0: Called Strike
0-1: Foul Ball, location: 2F
0-2: Ball
1-2: Strikes out swinging
Top of the 5th over - 1 run, 1 hit, 0 errors, 1 left on base; Colorado 6 - San Francisco 3
BOTTOM OF THE 5TH
San Francisco Giants batting - Pitching for Colorado Rockies : RHP Gabe Stokes
Batting: RHB Nick Rigden 0-0: Ball
1-0: Called Strike
1-1: Ground out 4-3 (Groundball, 34, EV 77.5 MPH)
Batting: RHB Bobby Ayala 0-0: Ball
1-0: Ball
2-0: Foul Ball, location: 2F
2-1: Foul Ball, location: 2F
2-2: Strikes out swinging
Batting: LHB Jack Henningar 0-0: Ball
1-0: Ball
2-0: Foul Ball, location: 2F
2-1: Foul Ball, location: 2F
2-2: Foul Ball, location: 2F
2-2: Ball
3-2: Foul Ball, location: 2F
3-2: Base on Balls
Batting: LHB Carey Horncole 0-0: Foul Ball, location: 2F
0-1: Ball
1-1: SINGLE (Line Drive, 89S, EV 100.6 MPH)
Jack Henningar to second
Batting: SHB Ryan Doss 0-0: Ball
1-0: Ball
2-0: Foul Ball, location: 2F
2-1: Fly out, F7 (Flyball, 7S, EV 90.6 MPH)
Bottom of the 5th over - 0 runs, 1 hit, 0 errors, 2 left on base; Colorado 6 - San Francisco 3
TOP OF THE 6TH
Colorado Rockies batting - Pitching for San Francisco Giants : LHP Tyler Stancil
Batting: RHB Jason Andrews 0-0: Foul Ball, location: 2F
0-1: Foul Ball, location: 2F
0-2: Foul Ball, location: 2F
0-2: Foul Ball, location: 2F
0-2: Ball
1-2: Ball
2-2: Foul Ball, location: 2F
2-2: Strikes out swinging
Batting: LHB Shawn Morrison 0-0: Ball
1-0: Fly out, F9 (Flyball, 9LM, EV 79.4 MPH)
Batting: SHB Chris Blue 0-0: Ball
1-0: Ground out 5-3 (Groundball, 5L, EV 93.1 MPH)
Top of the 6th over - 0 runs, 0 hits, 0 errors, 0 left on base; Colorado 6 - San Francisco 3
BOTTOM OF THE 6TH
San Francisco Giants batting - Pitching for Colorado Rockies : RHP Gabe Stokes
Pitching: LHP Ron Reardon
Batting: RHB Kevin Howard 0-0: Fly out, F5 (Popup, 56S, EV 64.4 MPH)
Batting: RHB Lucan Esini 0-0: Called Strike
0-1: Called Strike
0-2: Strikes out swinging
Batting: SHB Bill Dooms 0-0: Ground out 5-3 (Groundball, 56, EV 86.9 MPH)
Bottom of the 6th over - 0 runs, 0 hits, 0 errors, 0 left on base; Colorado 6 - San Francisco 3
TOP OF THE 7TH
Colorado Rockies batting - Pitching for San Francisco Giants : LHP Tyler Stancil
Pitching: RHP Lorenzo Merjil
Batting: RHB Henry Alvizo 0-0: Ball
1-0: Swinging Strike
1-1: Ball
2-1: Ball
3-1: Called Strike
3-2: Fly out, F7 (Flyball, 7, EV 85.6 MPH)
Batting: SHB Billy Encinias 0-0: Called Strike
0-1: Called Strike
0-2: Ball
1-2: Reached on error, E6 (Groundball, 4M, EV 85.6 MPH)
Batting: RHB Sterling Acosta Balk!
Billy Encinias to second
0-0: Foul Ball, location: 2F
0-1: Ball
1-1: Swinging Strike
1-2: Ball
2-2: Strikes out looking
Batting: LHB Freddy Troncoso 0-0: Ball
1-0: SINGLE (Line Drive, 89S, EV 110.0 MPH)
Billy Encinias to third
Runner from 3rd tries for Home, SAFE, throw by CF to home
Batting: SHB Eddie Quinones 0-0: Ball
1-0: Called Strike
1-1: Ground out 4-3 (Groundball, 4, EV 80.6 MPH)
Top of the 7th over - 1 run, 1 hit, 1 error, 1 left on base; Colorado 7 - San Francisco 3
BOTTOM OF THE 7TH
San Francisco Giants batting - Pitching for Colorado Rockies : LHP Ron Reardon
Batting: LHB John Blair 0-0: Ball
1-0: Ball
2-0: SINGLE (Flyball, 4MD, EV 92.5 MPH)
Batting: RHB Nick Rigden 0-0: Ball
1-0: Swinging Strike
1-1: Swinging Strike
1-2: Strikes out swinging
Batting: RHB Bobby Ayala 0-0: Ball
1-0: Ball
2-0: Fielders Choice at 2nd, 6-4 (Groundball, 56D, EV 100.6 MPH)
Batting: LHB Jack Henningar 0-0: Foul Ball, location: 2F
0-1: Called Strike
0-2: Foul Ball, location: 2F
0-2: Foul Ball, location: 2F
0-2: Ball
1-2: Foul Ball, location: 2F
1-2: Strikes out looking
Bottom of the 7th over - 0 runs, 1 hit, 0 errors, 1 left on base; Colorado 7 - San Francisco 3
TOP OF THE 8TH
Colorado Rockies batting - Pitching for San Francisco Giants : RHP Lorenzo Merjil
Pitching: RHP Nate Heideman
Batting: RHB Joel Haycock 0-0: Ball
1-0: Ball
2-0: Ball
3-0: Base on Balls
Batting: RHB Jason Andrews 0-0: Ball
1-0: Ball
2-0: TRIPLE (Flyball, 8RXD, EV 105.6 MPH)
Joel Haycock scores
Batting: LHB Shawn Morrison 0-0: Called Strike
0-1: Foul Ball, location: 2F
0-2: Ball
1-2: Strikes out swinging
Batting: SHB Chris Blue 0-0: DOUBLE (Line Drive, 7LS, EV 97.5 MPH)
Jason Andrews scores
Batting: RHB Henry Alvizo 0-0: Foul Ball, location: 2F
0-1: Ball
1-1: Ball
2-1: Ground out 4-3 (Groundball, 4S, EV 85.6 MPH)
Chris Blue to third
Batting: SHB Billy Encinias 0-0: DOUBLE (Groundball, 3L, EV 101.2 MPH)
Chris Blue scores
Batting: RHB Sterling Acosta 0-0: Swinging Strike
0-1: Swinging Strike
0-2: Fly out, F9 (Flyball, 9, EV 88.1 MPH)
Top of the 8th over - 3 runs, 3 hits, 0 errors, 1 left on base; Colorado 10 - San Francisco 3
BOTTOM OF THE 8TH
San Francisco Giants batting - Pitching for Colorado Rockies : LHP Ron Reardon
Batting: LHB Carey Horncole 0-0: Ball
1-0: SINGLE (Groundball, 34S, EV 75.0 MPH) (infield hit)
Pinch Hitting: RHB Tyler Mapes 0-0: Ball
1-0: Called Strike
1-1: Ball
2-1: Called Strike
2-2: Strikes out swinging
Batting: RHB Kevin Howard 0-0: Fly out, F9 (Flyball, 89S, EV 80.6 MPH)
Batting: RHB Lucan Esini 0-0: Ball
1-0: Ball
2-0: Foul Ball, location: 2F
2-1: Called Strike
2-2: Ball
3-2: Reached on error, E3 (Groundball, 3, EV 101.9 MPH)
Carey Horncole to second
Batting: SHB Bill Dooms 0-0: Called Strike
0-1: Fielders Choice at 2nd, 6-4 (Groundball, 6, EV 86.2 MPH)
Bottom of the 8th over - 0 runs, 1 hit, 1 error, 2 left on base; Colorado 10 - San Francisco 3
TOP OF THE 9TH
Colorado Rockies batting - Pitching for San Francisco Giants : RHP Nate Heideman
Pitching: RHP Andrew Kindig
Now at 3B: Tyler Mapes
Pinch Hitting: LHB Robert Watson 0-0: Swinging Strike
0-1: Ball
1-1: Fly out, F8 (Line Drive, 8RM, EV 90.0 MPH)
Batting: SHB Eddie Quinones 0-0: Ball
1-0: Ball
2-0: Ground out 4-3 (Groundball, 4, EV 111.9 MPH)
Batting: RHB Joel Haycock 0-0: SINGLE (Groundball, 56D, EV 97.5 MPH)
Batting: RHB Jason Andrews 0-0: Called Strike
0-1: Ball
1-1: Ball
2-1: Fly out, F8 (Flyball, 8RD, EV 98.8 MPH)
Top of the 9th over - 0 runs, 1 hit, 0 errors, 1 left on base; Colorado 10 - San Francisco 3
BOTTOM OF THE 9TH
San Francisco Giants batting - Pitching for Colorado Rockies : LHP Ron Reardon
Pitching: RHP Victor Walshe
Now in RF: Robert Watson
Batting: LHB John Blair 0-0: Ball
1-0: Fly out, F6 (Popup, 6M, EV 74.4 MPH)
Pinch Hitting: LHB Tom Best 0-0: Ball
1-0: Called Strike
1-1: Ball
2-1: Ball
3-1: Swinging Strike
3-2: Strikes out swinging
Batting: RHB Bobby Ayala 0-0: Foul Ball, location: 2F
0-1: Foul Ball, location: 2F
0-2: Strikes out swinging
Bottom of the 9th over - 0 runs, 0 hits, 0 errors, 0 left on base; Colorado 10 - San Francisco 3
Thursday, December 15th , 2022 - OOTP Baseball 23.9 Build 102